PBL
JOPLIN BLASTERS @ CALGARY FLAMES
10/05/2048
 
TOP OF THE 1ST
Palm Beach Nationals batting - Pitching for Victoria Capitals : RHP John Olson
Pitching: RHP John Olson
Batting: LHB Carlos Guadarrama 0-0: SINGLE (Groundball, 6MD, EV 96.9 MPH)
Batting: RHB Scott Merritt 0-0: Ball
1-0: Ball
2-0: SINGLE (Groundball, 6D, EV 97.5 MPH)
Carlos Guadarrama to second
Batting: RHB Kenny Ball 0-0: Foul Ball, location: 2F
0-1: Ball
1-1: Foul Ball, location: 2F
1-2: Strikes out looking
Batting: SHB John Husson 0-0: Ball
1-0: Ball
2-0: Ball
3-0: Grounds into double play, 4-6-3 (Groundball, 4, EV 94.4 MPH)
Top of the 1st over - 0 runs, 2 hits, 0 errors, 1 left on base; Palm Beach 0 - Victoria 0
BOTTOM OF THE 1ST
Victoria Capitals batting - Pitching for Palm Beach Nationals : RHP Ramiro Ramirez
Pitching: RHP Ramiro Ramirez
Batting: SHB Dave Reynoso 0-0: Ground out 4-3 (Groundball, 4, EV 90.0 MPH)
Batting: LHB William Gonzales 0-0: Ball
1-0: Called Strike
1-1: Ball
2-1: Foul Ball, location: 2F
2-2: Ball
3-2: Base on Balls
Batting: RHB Antonio Oyola 0-0: Ground out 5-3 (Groundball, 5S, EV 75.6 MPH)
William Gonzales to second
Batting: RHB Jwahir Pili 0-0: Called Strike
0-1: SINGLE (Line Drive, 6MD, EV 95.6 MPH)
William Gonzales to third
Runner from 3rd tries for Home, SAFE, throw by CF to home
Batting: RHB Rich Griffith 0-0: Ball
1-0: Ball
Wild Pitch!
Jwahir Pili to second
2-0: Ball
3-0: Called Strike
3-1: Swinging Strike
3-2: Fly out, F6 (Flyball, 6MD, EV 90.0 MPH)
Bottom of the 1st over - 1 run, 1 hit, 0 errors, 1 left on base; Palm Beach 0 - Victoria 1
TOP OF THE 2ND
Palm Beach Nationals batting - Pitching for Victoria Capitals : RHP John Olson
Batting: RHB Akira Ishihara 0-0: Ball
1-0: Fly out, F9 (Line Drive, 89M, EV 85.0 MPH)
Batting: RHB Ivan Torres 0-0: Ground out 5-3 (Groundball, 25, EV 79.4 MPH)
Batting: RHB Franklin Ortega 0-0: Ground out 5-3 (Groundball, 5, EV 87.5 MPH)
Top of the 2nd over - 0 runs, 0 hits, 0 errors, 0 left on base; Palm Beach 0 - Victoria 1
BOTTOM OF THE 2ND
Victoria Capitals batting - Pitching for Palm Beach Nationals : RHP Ramiro Ramirez
Batting: RHB Neal Perucci 0-0: Ball
1-0: Ball
2-0: Ground out 5-3 (Groundball, 56, EV 90.0 MPH)
Batting: LHB Matt Hepburn 0-0: Foul Ball, location: 2F
0-1: Ball
1-1: Ground out 6-3 (Groundball, 6D, EV 80.0 MPH)
Batting: RHB John Britton 0-0: Called Strike
0-1: Ball
1-1: Ball
2-1: Ground out 6-3 (Groundball, 6, EV 110.0 MPH)
Bottom of the 2nd over - 0 runs, 0 hits, 0 errors, 0 left on base; Palm Beach 0 - Victoria 1
TOP OF THE 3RD
Palm Beach Nationals batting - Pitching for Victoria Capitals : RHP John Olson
Batting: RHB Armando Moreno 0-0: Swinging Strike
0-1: Ball
1-1: Called Strike
1-2: Strikes out looking
Batting: RHB Alex Gonzalez 0-0: Ball
1-0: Called Strike
1-1: Called Strike
1-2: Strikes out swinging
Batting: LHB Carlos Guadarrama 0-0: Ground out 4-3 (Groundball, 4, EV 85.0 MPH)
Top of the 3rd over - 0 runs, 0 hits, 0 errors, 0 left on base; Palm Beach 0 - Victoria 1
BOTTOM OF THE 3RD
Victoria Capitals batting - Pitching for Palm Beach Nationals : RHP Ramiro Ramirez
Batting: RHB Kevin Harris 0-0: Ball
1-0: Called Strike
1-1: Ball
2-1: Ball
3-1: Called Strike
3-2: Ground out 4-3 (Groundball, 4, EV 105.0 MPH)
Batting: SHB Dave Reynoso 0-0: Ground out 5-3 (Groundball, 56S, EV 68.8 MPH)
Batting: LHB William Gonzales 0-0: Foul Ball, location: 2F
0-1: Foul Ball, location: 2F
0-2: Ball
1-2: Fly out, F9 (Line Drive, 9LM, EV 99.4 MPH)
Bottom of the 3rd over - 0 runs, 0 hits, 0 errors, 0 left on base; Palm Beach 0 - Victoria 1
TOP OF THE 4TH
Palm Beach Nationals batting - Pitching for Victoria Capitals : RHP John Olson
Batting: RHB Scott Merritt 0-0: Called Strike
0-1: Ball
1-1: DOUBLE (Flyball, 8RXD, EV 101.2 MPH)
Batting: RHB Kenny Ball 0-0: Called Strike
0-1: Called Strike
0-2: Foul Ball, location: 2F
0-2: Foul Ball, location: 2F
0-2: Ball
1-2: Strikes out looking
Batting: SHB John Husson 0-0: Ground out 4-3 (Groundball, 4, EV 103.1 MPH)
Scott Merritt to third
Batting: RHB Akira Ishihara 0-0: Ground out 4-3 (Groundball, 13, EV 86.2 MPH)
Top of the 4th over - 0 runs, 1 hit, 0 errors, 1 left on base; Palm Beach 0 - Victoria 1
BOTTOM OF THE 4TH
Victoria Capitals batting - Pitching for Palm Beach Nationals : RHP Ramiro Ramirez
Batting: RHB Antonio Oyola 0-0: Ball
1-0: Ground out 5-3 (Groundball, 5, EV 89.4 MPH)
Batting: RHB Jwahir Pili 0-0: Foul Ball, location: 2F
0-1: Called Strike
0-2: Strikes out swinging
Batting: RHB Rich Griffith 0-0: Swinging Strike
0-1: SINGLE (Groundball, 4S, EV 71.2 MPH) (infield hit)
Batting: RHB Neal Perucci 0-0: Ball
1-0: Ball
2-0: Ball
3-0: Base on Balls
Rich Griffith to second
Batting: LHB Matt Hepburn 0-0: Called Strike
0-1: Ground out U3 (Groundball, 34S, EV 87.5 MPH)
Bottom of the 4th over - 0 runs, 1 hit, 0 errors, 2 left on base; Palm Beach 0 - Victoria 1
TOP OF THE 5TH
Palm Beach Nationals batting - Pitching for Victoria Capitals : RHP John Olson
Batting: RHB Ivan Torres 0-0: Ball
1-0: Ball
2-0: Ground out U3 (Groundball, 3, EV 80.6 MPH)
Batting: RHB Franklin Ortega 0-0: Called Strike
0-1: Swinging Strike
0-2: Strikes out swinging
Batting: RHB Armando Moreno 0-0: Swinging Strike
0-1: Ball
1-1: Swinging Strike
1-2: Ball
2-2: Strikes out swinging
Top of the 5th over - 0 runs, 0 hits, 0 errors, 0 left on base; Palm Beach 0 - Victoria 1
BOTTOM OF THE 5TH
Victoria Capitals batting - Pitching for Palm Beach Nationals : RHP Ramiro Ramirez
Batting: RHB John Britton 0-0: Called Strike
0-1: Ball
1-1: Fly out, F4 (Popup, 34, EV 72.5 MPH)
Batting: RHB Kevin Harris 0-0: Swinging Strike
0-1: Called Strike
0-2: Ball
1-2: Strikes out looking
Batting: SHB Dave Reynoso 0-0: Called Strike
0-1: Ball
1-1: Ball
2-1: Called Strike
2-2: Strikes out swinging
Bottom of the 5th over - 0 runs, 0 hits, 0 errors, 0 left on base; Palm Beach 0 - Victoria 1
TOP OF THE 6TH
Palm Beach Nationals batting - Pitching for Victoria Capitals : RHP John Olson
Batting: RHB Alex Gonzalez 0-0: Ball
1-0: Swinging Strike
1-1: Ball
2-1: Swinging Strike
2-2: Strikes out swinging
Batting: LHB Carlos Guadarrama 0-0: Called Strike
0-1: Called Strike
0-2: Fly out, F8 (Flyball, 78D, EV 78.8 MPH)
Batting: RHB Scott Merritt 0-0: Ball
1-0: Ball
2-0: Called Strike
2-1: Ball
3-1: Base on Balls
Batting: RHB Kenny Ball 0-0: Ball
1-0: Called Strike
1-1: SINGLE (Groundball, P, EV 84.4 MPH) (infield hit)
Scott Merritt to second
Batting: SHB John Husson 0-0: Ball
1-0: Ground out U3 (Groundball, 34, EV 95.0 MPH)
Top of the 6th over - 0 runs, 1 hit, 0 errors, 2 left on base; Palm Beach 0 - Victoria 1
BOTTOM OF THE 6TH
Victoria Capitals batting - Pitching for Palm Beach Nationals : RHP Ramiro Ramirez
Batting: LHB William Gonzales 0-0: SINGLE (Groundball, 34D, EV 106.9 MPH)
Batting: RHB Antonio Oyola 0-0: Called Strike
0-1: Ball
1-1: Foul Ball, location: 2F
1-2: Foul Ball, location: 2F
1-2: Ball
Wild Pitch!
William Gonzales to second
2-2: Ball
3-2: Foul Ball, location: 2F
3-2: Base on Balls
Batting: RHB Jwahir Pili 0-0: Called Strike
0-1: Called Strike
0-2: Ball
1-2: Fly out, F9 (Flyball, 89S, EV 93.8 MPH)
Batting: RHB Rich Griffith 0-0: Ball
1-0: Ball
2-0: Called Strike
2-1: Foul Ball, location: 2F
2-2: Ball
3-2: Base on Balls
William Gonzales to third
Antonio Oyola to second
Batting: RHB Neal Perucci 0-0: Called Strike
0-1: Called Strike
0-2: Ball
1-2: Fly out, F7 (Flyball, 7LS, EV 86.9 MPH)
Batting: LHB Matt Hepburn 0-0: Foul Ball, location: 2F
0-1: Ball
1-1: Swinging Strike
1-2: Fielders Choice at 2nd, 6-4 (Groundball, 56D, EV 86.2 MPH)
Bottom of the 6th over - 0 runs, 1 hit, 0 errors, 3 left on base; Palm Beach 0 - Victoria 1
TOP OF THE 7TH
Palm Beach Nationals batting - Pitching for Victoria Capitals : RHP John Olson
Now at 1B: Kevin Harris
Now in RF: Jose Zuniga
Batting: RHB Jon Ortiz 0-0: Foul Ball, location: 2F
0-1: Ball
1-1: Foul Ball, location: 2F
1-2: Fly out, F7 (Flyball, 7S, EV 93.1 MPH)
Pinch Hitting: RHB Alex Martinez 0-0: Fly out, F7 (Flyball, 7LM, EV 95.6 MPH)
Pinch Hitting: RHB Colin Morris 0-0: Ball
1-0: Swinging Strike
1-1: Ball
2-1: Ball
3-1: Called Strike
3-2: Strikes out swinging
Top of the 7th over - 0 runs, 0 hits, 0 errors, 0 left on base; Palm Beach 0 - Victoria 1
BOTTOM OF THE 7TH
Victoria Capitals batting - Pitching for Palm Beach Nationals : RHP Ramiro Ramirez
Now at 2B: Alex Martinez
Now at 3B: Alex Gonzalez
Now at SS: Aaron Bateman
Batting: RHB John Britton 0-0: Ball
1-0: Ball
2-0: Called Strike
2-1: Foul Ball, location: 2F
2-2: Strikes out swinging
Batting: RHB Kevin Harris 0-0: Foul Ball, location: 2F
0-1: Hit by Pitch
Batting: SHB Dave Reynoso 0-0: Swinging Strike
0-1: Foul Ball, location: 2F
0-2: Foul Ball, location: 2F
0-2: Strikes out swinging
Pitching: RHP Kareem Linz
Batting: RHB Jose Zuniga 0-0: Ball
1-0: Called Strike
1-1: Ball
2-1: Ball
3-1: Base on Balls
Kevin Harris to second
Batting: RHB Antonio Oyola 0-0: Foul Ball, location: 2F
0-1: Ball
1-1: Ball
2-1: Ball
3-1: Called Strike
3-2: SINGLE (Flyball, 5D, EV 101.9 MPH)
Kevin Harris to third
Jose Zuniga to second
Kevin Harris scores
Jose Zuniga to third
Batting: RHB Jwahir Pili 0-0: Foul Ball, location: 2F
0-1: Fly out, F8 (Line Drive, 8RS, EV 93.8 MPH)
Bottom of the 7th over - 1 run, 1 hit, 0 errors, 2 left on base; Palm Beach 0 - Victoria 2
TOP OF THE 8TH
Palm Beach Nationals batting - Pitching for Victoria Capitals : RHP John Olson
Pitching: RHP Jim Tremel
Pinch Hitting: RHB Trent Spivey 0-0: Ball
1-0: Ball
2-0: Ball
3-0: Base on Balls
Batting: RHB Alex Gonzalez 0-0: SINGLE (Flyball, 8RS, EV 88.8 MPH)
Trent Spivey to second
Batting: LHB Carlos Guadarrama 0-0: Foul Ball, location: 2F
0-1: Grounds out, U3 (Groundball, 3L, EV 86.2 MPH)
Trent Spivey to third
Batting: RHB Scott Merritt 0-0: Called Strike
0-1: Called Strike
0-2: Ball
1-2: Ball
2-2: Foul Ball, location: 2F
2-2: Ball
3-2: Foul Ball, location: 2F
3-2: Strikes out swinging
Pinch Hitting: RHB Ken Yeadon 0-0: Called Strike
0-1: Swinging Strike
0-2: Ball
1-2: Strikes out swinging
Top of the 8th over - 0 runs, 1 hit, 0 errors, 2 left on base; Palm Beach 0 - Victoria 2
BOTTOM OF THE 8TH
Victoria Capitals batting - Pitching for Palm Beach Nationals : RHP Kareem Linz
Now at 1B: Ken Yeadon
Now at 3B: Trent Spivey
Now in LF: Alex Gonzalez
Now in RF: Scott Merritt
Batting: RHB Rich Griffith 0-0: Called Strike
0-1: Ball
1-1: Foul Ball, location: 2F
1-2: Strikes out swinging
Batting: RHB Neal Perucci 0-0: Foul Ball, location: 2F
0-1: Ball
1-1: Ball
2-1: Ball
3-1: Foul Ball, location: 2F
3-2: SINGLE (Line Drive, 4MD, EV 111.2 MPH)
Batting: LHB Matt Hepburn 0-0: Ball
1-0: Ball
2-0: Ball
3-0: Base on Balls
Neal Perucci to second
Pinch Hitting: RHB Roberto Medina 0-0: Fly out, F4 (Line Drive, 4, EV 61.2 MPH)
Batting: RHB Kevin Harris 0-0: Ball
1-0: Ball
2-0: Foul Ball, location: 2F
2-1: Foul Ball, location: 2F
2-2: Ground out 4-3 (Groundball, 4, EV 102.5 MPH)
Bottom of the 8th over - 0 runs, 1 hit, 0 errors, 2 left on base; Palm Beach 0 - Victoria 2
TOP OF THE 9TH
Palm Beach Nationals batting - Pitching for Victoria Capitals : RHP Jim Tremel
Pitching: RHP Dave Williams
Now at 3B: Tze-meng Li
Pinch Hitting: LHB Mike Hamilton 0-0: Ground out 4-3 (Groundball, 4, EV 80.6 MPH)
Batting: RHB Kiyonaga Nakamura 0-0: Ball
1-0: Called Strike
1-1: Swinging Strike
1-2: Ball
2-2: Foul Ball, location: 2F
2-2: Strikes out swinging
Batting: RHB Alex Martinez 0-0: Called Strike
0-1: Fly out, F7 (Line Drive, 78S, EV 94.4 MPH)
Top of the 9th over - 0 runs, 0 hits, 0 errors, 0 left on base; Palm Beach 0 - Victoria 2
Tuesday, March 28th , 2023 - OOTP Baseball 23.10 Build 110